 Dungeon Crawl Stone Soup version 0.31-a0-1370-gf52a5a9ab3 (webtiles) character file.

Game seed: 16878994855269832428

1592512 PanSaczeczos the Slayer (level 27, 222/222 HPs)
             Began as a Barachi Brigand on Dec 23, 2023.
             Was a High Priest of Hepliaklqana.
             Escaped with the Orb
             ... and 3 runes!
             The game lasted 03:14:53 (78853 turns).

PanSaczeczos the Slayer (Barachi Brigand)          Turns: 78853, Time: 03:14:54

Health: 222/222    AC: 35    Str: 32    XL:     27
Magic:  33/35      EV: 16    Int: 13    God:    Hepliaklqana [*****.]
Gold:   1226       SH: 23    Dex: 14    Spells: 26/26 levels left

rFire   + + .        w - +2 broad axe (heavy)
rCold   + + +        e - +2 shield of Resistance {rF++ rC++ Will++}
rNeg    . . .        t - +4 storm dragon scales {Bai Suzhen}
rPois   +            V - +0 mask of the Dragon {Will+ Slay+3 SInv}
rElec   +            l - +1 cloak {rCorr}
rCorr   +            g - +1 pair of gloves {Str+3}
SInv    +            y - +2 pair of boots {Fly}
Will    +++++        f - amulet of reflection
Stlth   x              - ring of Kicareh {rPois Will+++}
HPRegen 0.57/turn    H - +6 ring of strength
MPRegen 0.24/turn

%: reflection
@: flying, studying 5 skills, slow
A: reduced essence, amphibious, slowness 1, strong legs 2, +LOS, antennae 1,
iridescent scales 1, cold resistance 1, dopey 1
0: Orb of Zot
}: 3/15 runes: decaying, serpentine, silver
a: Hop, Renounce Religion, Recall Ancestor, Ancestor Identity, Transference,
Idealise


You escaped.
You worshipped Hepliaklqana.
Hepliaklqana was extremely pleased with you.
You visited 11 branches of the dungeon, and saw 51 of its levels.
You visited 1 bazaar.
You also visited: Trove, Sewer, Bailey, Gauntlet and Ice Cave.

You collected 8858 gold pieces.
You spent 7632 gold pieces at shops.

Inventory:

Hand Weapons
 b - a +9 vampiric broad axe
 w - a +2 heavy broad axe (weapon)
Missiles
 d - 49 poisoned darts
 n - 6 throwing nets {!f}
 v - 10 atropa-tipped darts
 E - 46 boomerangs
 Y - 10 curare-tipped darts (quivered)
Armour
 e - the +2 shield of Resistance (worn) {rF++ rC++ Will++}
   (You found it in a treasure trove)

   rF++:      It greatly protects you from fire.
   rC++:      It greatly protects you from cold.
   Will++:    It greatly increases your willpower.
 g - a +1 pair of gloves of strength (worn)
 l - a +1 cloak of preservation (worn)
 t - +4 storm dragon scales (worn) {Bai Suzhen}
 y - a +2 pair of boots of flying (worn)
 V - the +0 mask of the Dragon (worn) {Will+ Slay+3 SInv}
   (You acquired it on level 3 of the Swamp)

   Slay+3:    It affects your accuracy & damage with ranged weapons and melee
   (+3).
   Will+:     It increases your willpower.
   SInv:      It lets you see invisible.
Jewellery
 f - an amulet of reflection (around neck)
 x - the ring of Kicareh (left hand) {rPois Will+++}
   (You bought it in a shop on level 1 of the Depths)

   [ring of poison resistance]

   rPois:     It protects you from poison Will+++: It greatly increases your
   willpower.
 H - a +6 ring of strength (right hand)
 X - the ring "Hotsaracw" {Wiz Slay+6}
   (You found it on level 5 of the Vaults)

   [ring of wizardry]

   Wiz:       It improves your spell success rate.
   Slay+6:    It affects your accuracy & damage with ranged weapons and melee
   (+6).
Talismans
 j - a talisman of death
 F - a granite talisman
Wands
 C - a wand of iceblast (65)
 D - a wand of polymorph (40)
 G - a wand of digging (6)
 M - a wand of flame (128)
 N - a wand of mindburst (27)
 O - a wand of paralysis (37)
 T - a wand of acid (14)
Scrolls
 h - 8 scrolls of fear {!r}
 i - 12 scrolls of poison {!r}
 k - 13 scrolls of teleportation {!r}
 s - 7 scrolls of fog {!r}
 u - 3 scrolls of noise {!r}
 A - 7 scrolls of blinking {!r}
 L - 4 scrolls of silence {!r}
 W - 7 scrolls of vulnerability {!r}
 Z - 2 scrolls of butterflies {!r}
Potions
 m - a potion of magic
 p - 25 potions of curing
 q - a potion of haste
 r - 16 potions of mutation
 z - 9 potions of enlightenment
 B - 4 potions of heal wounds
 I - 5 potions of cancellation
 J - 5 potions of invisibility
 K - 3 potions of resistance
 R - 5 potions of might {@q3}
 S - 4 potions of lignification
 U - 2 potions of ambrosia
Miscellaneous
 a - a box of beasts
 c - a tin of tremorstones (2/2)
 o - a phial of floods
 P - a lightning rod (4/4)
 Q - a phantom mirror


   Skills:
 + Level 26.7 Fighting
 - Level 2.1 Short Blades
 - Level 16.3(18.0) Axes
 - Level 12.4(16.0) Maces & Flails
 - Level 6.0 Throwing
 - Level 21.0 Armour
 - Level 14.5 Dodging
 - Level 4.0 Stealth
 - Level 22.9 Shields
 - Level 14.2 Unarmed Combat
 - Level 17.0 Invocations
 - Level 14.0 Evocations
 + Level 20.3 Shapeshifting


You had 26 spell levels left.
You didn't know any spells.
Your spell library contained the following spells:

 Spells                   Type           Power      Damage    Failure   Level
 Apportation              Tloc           0%         N/A       63%         1
 Freeze                   Ice            0%         1d3       63%         1
 Kiss of Death            Conj/Necr      0%         2d5       63%         1
 Magic Dart               Conj           0%         1d3       63%         1
 Necrotise                Necr           0%         1d4       63%         1
 Sting                    Conj/Alch      0%         1d3       63%         1
 Summon Small Mammal      Summ           0%         N/A       63%         1
 Cigotuvi's Dreadful Rot  Necr/Alch/Air  0%         N/A       77%         2
 Ensorcelled Hibernation  Hex/Ice        0%         N/A       77%         2
 Lesser Beckoning         Tloc           0%         N/A       77%         2
 Mercury Vapours          Alch/Air       0%         N/A       77%         2
 Passwall                 Alch/Erth      0%         N/A       77%         2
 Scorch                   Fire           0%         2d5       77%         2
 Searing Ray              Conj           0%         2d4       77%         2
 Call Canine Familiar     Summ           0%         N/A       94%         3
 Confusing Touch          Hex            0%         N/A       94%         3
 Dazzling Flash           Conj/Hex       0%         N/A       94%         3
 Frozen Ramparts          Ice            0%         1d1       94%         3
 Fugue of the Fallen      Necr           0%         N/A       94%         3
 Gell's Gravitas          Tloc           0%         N/A       94%         3
 Hailstorm                Conj/Ice       0%         3d5       94%         3
 Inner Flame              Hex/Fire       0%         N/A       94%         3
 Mephitic Cloud           Conj/Alch/Air  0%         N/A       94%         3
 Ozocubu's Armour         Ice            0%         N/A       94%         3
 Summon Guardian Golem    Hex/Summ       0%         N/A       94%         3
 Swiftness                Air            0%         N/A       94%         3
 Teleport Other           Tloc           0%         N/A       94%         3
 Volatile Blastmotes      Fire/Tloc      0%         2d10      94%         3
 Anguish                  Hex/Necr       0%         N/A       100%        4
 Animate Armour           Summ/Erth      0%         N/A       100%        4
 Brom's Barrelling Bould  Conj/Erth      0%         2d3       100%        4
 Cause Fear               Hex            0%         N/A       100%        4
 Dimensional Bullseye     Hex/Tloc       0%         N/A       100%        4
 Dispel Undead            Necr           0%         3d6       100%        4
 Flame Wave               Conj/Fire      0%         2d4       100%        4
 Fulminant Prism          Conj/Alch      0%         3d5       100%        4
 Iskenderun's Mystic Bla  Conj/Tloc      0%         2d3       100%        4
 Manifold Assault         Tloc           0%         N/A       100%        4
 Olgreb's Toxic Radiance  Alch           0%         N/A       100%        4
 Summon Ice Beast         Ice/Summ       0%         N/A       100%        4
 Summon Lightning Spire   Summ/Air       0%         N/A       100%        4
 Agony                    Necr           0%         N/A       100%        5
 Alistair's Intoxication  Alch           0%         N/A       100%        5
 Borgnjor's Vile Clutch   Necr/Erth      0%         N/A       100%        5
 Fireball                 Conj/Fire      0%         3d3       100%        5
 Irradiate                Conj/Alch      0%         3d11      100%        5
 Iskenderun's Battlesphe  Conj           0%         2d6       100%        5
 Lee's Rapid Deconstruct  Erth           0%         3d4*      100%        5
 Metabolic Englaciation   Hex/Ice        0%         N/A       100%        5
 Silence                  Hex/Air        0%         N/A       100%        5
 Summon Mana Viper        Hex/Summ       0%         N/A       100%        5
 Conjure Ball Lightning   Conj/Air       0%         3x3d6     100%        6
 Death Channel            Necr           0%         N/A       100%        6
 Dispersal                Tloc           0%         N/A       100%        6
 Eringya's Noxious Bog    Alch           0%         4d6       100%        6
 Simulacrum               Ice/Necr       0%         N/A       100%        6
 Summon Cactus Giant      Summ           0%         N/A       100%        6
 Enfeeble                 Hex            0%         N/A       100%        7
 Haunt                    Necr/Summ      0%         N/A       100%        7
 Monstrous Menagerie      Summ           0%         N/A       100%        7
 Orb of Destruction       Conj           0%         9d5       100%        7
 Ozocubu's Refrigeration  Ice            0%         4d7       100%        7
 Borgnjor's Revivificati  Necr           0%         N/A       100%        8
 Discord                  Hex            0%         N/A       100%        8
 Disjunction              Tloc           0%         N/A       100%        8
 Ignition                 Fire           0%         3d3       100%        8
 Chain Lightning          Conj/Air       0%         N/A       100%        9
 Death's Door             Necr           0%         N/A       100%        9
 Dragon's Call            Summ           0%         N/A       100%        9
 Fire Storm               Conj/Fire      0%         5d1       100%        9
 Shatter                  Erth           0%         3d5*      100%        9


Dungeon Overview and Level Annotations

Branches:
Dungeon (15/15)            Temple (1/1) D:5            Lair (5/5) D:8
  Swamp (4/4) Lair:2        Snake (4/4) Lair:2        Slime (0/5) Lair:5
    Orc (2/2) D:10            Elf (3/3) Orc:2        Vaults (5/5) D:13
  Crypt (3/3) Vaults:3       Tomb (0/3) Crypt:3      Depths (4/4) D:15
    Zot (5/5) Depths:4      Sewer (visited)          Bailey (visited)
  IceCv (visited)         Gauntlet (visited)

Altars:
Ashenzari
Cheibriados
Dithmenos
Elyvilon
Fedhas
Gozag
Hepliaklqana
Kikubaaqudgha
Makhleb
Nemelex Xobeh
Okawaru
Qazlal
Ru
Sif Muna
Trog
Uskayaw
Vehumet
Wu Jian
Xom
Yredelemnul
Zin
The Shining One
Jiyva

Shops:
Orc:2 [![(   Elf:3 (   Snake:1 :   Snake:3 *   Snake:4 :   Vaults:4 !
Depths:1 :=:

Portals:
Hell: Depths:1 Depths:2 Depths:3 Depths:4
Abyss: D:7 Depths:1 Depths:3
Pandemonium: Depths:2
Ziggurat: Depths:1

Annotations:
D:5 3 runed translucent doors, Gruesome's ghost, novice OpSh; flestrin's ghost, novice BaSh
D:7 2 transporters, Takeo's ghost, journeyman DjFE
Lair:5 exclusion: 2 oklob plants
Snake:1 Roxanne
Orc:2 1 runed translucent door, bumbalina's ghost, journeyman OnBe
Elf:2 3 runed translucent doors, exclusion: 3 doors
Crypt:1 3 runed translucent doors, exclusion: 3 doors, Eroclych's ghost, adept GrFi
Zot:1 1 runed translucent door, exclusion: door, gruber's ghost, veteran GnAl
Zot:3 2 transporters, NigelTetley's ghost, veteran DsGl


Innate Abilities, Weirdness & Mutations

Your life essence is reduced to manifest your ancestor. (-10% HP)
You are amphibious.
You cover ground slowly.
You can hop long distances.
You have an extended range of vision and can be seen from far away.
You have a pair of small antennae on your head.
You are partially covered in iridescent scales. (AC +2)
Your flesh is cold resistant. (rC+)
You are dopey. (Int -2)


Message History

The giant cockroach's corpse dissolves into shadows!
The shadow demon closely misses Publius.
There is a stone staircase leading up here.
Publius points at the shadow demon and mumbles some strange words.
The bolt of magma hits the shadow demon!!
The shadow demon hits Publius!
You fly upwards.
There is a stone staircase leading down here.
Publius is recalled.
What level of the Dungeon? (default 1, ? - help) Magic restored.
There is a stone staircase leading up, spattered with blood here.
You fly upwards.
There is a stone staircase leading down here.
There is an escape hatch in the ceiling here.
A mysterious force pulls you upwards. The hatch slams shut behind you.
Unknown command.
You feel yourself speed up.
Things that are here:
a +0 short sword; a +0 club 2 hell hounds come into view.
There are monsters nearby!
There are monsters nearby!
There are monsters nearby!
The hell hound barks! x2
There is a faded altar of an unknown god here.
Your extra speed is starting to run out.
A blast of flame appears from out of your range of vision.
A blast of flame appears from out of your range of vision.
Aiming: Dig
Press: ? - help, Shift-Dir - straight line A rock wall.
This square is covered in magical glow.
The rock shatters into small pieces.
You feel yourself slow down.
A blast of flame appears from out of your range of vision.
There is a staircase leading out of the dungeon here.
Publius is recalled.
Unknown command.
You have escaped!

▒·······▒·▒▒··▒▒▒·▒▒▒
▒▒······▒▒·▒··▒▒▒·▒▒▒
▒·▒▒·▒▒▒▒▒·········· ▒·▒▒·▒
▒▒▒········ ▒▒▒▒▒▒▒▒▒▒▒ ▒·▒▒·▒
▒·▒▒▒·▒▒▒ ▒▒▒·········▒▒▒▒▒▒▒▒▒
▒▒········ ▒·▒·▒▒···▒▒·▒▒⌠···⌠▒
▒······▒▒▒ ····▒▒···▒▒·▒▒···R·▒
▒▒▒·▒▒▒▒▒▒ ▒
····▒▒······▒▒·»·@·▒▒▒▒▒·····▒▒▒▒▒▒
··(·····▒··▒·······h····§§~~·······
····▒▒▒▒▒·▒▒▒▒⌠···⌠▒▒▒▒▒·~π~·······
···▒▒ ▒▒··▒·▒▒▒▒▒▒▒▒▒▒·~~~·▒▒▒▒▒▒
▒·▒▒ ▒▒▒·▒▒··············▒ ▒ ▒·▒
▒▒▒▒▒·····▒▒▒▒▒·▒▒▒ ▒·▒▒ ▒▒▒▒▒·▒
▒·▒ ···▒▒▒▒▒▒▒ ▒·▒ ▒·▒ ·▒·······▒
▒·▒ ▒·▒


You could see the friendly Publius the battlemage and a hell hound.

Vanquished Creatures
  An ancient lich (Crypt:2)
  A dread lich (Zot:5)
  3 orbs of fire (Zot:5)
  Vashnia (Snake:3)
  2 golden dragons
  A Brimstone Fiend (D:15)
  2 electric golems (Zot:5)
  Rupert (Orc:2)
  A tentacled monstrosity (Zot:2)
  Zenata (Vaults:4)
  2 titans (Vaults:5)
  7 liches
  2 sphinxes
  13 Orb Guardians (Zot:5)
  A deep elf master archer (Elf:3)
  A pandemonium lord (Depths:1)
  8 quicksilver dragons
  Asterion (Elf:3)
  2 deep elf blademasters (Elf:3)
  3 ancient champions
  2 Executioners
  4 death cobs
  7 shadow dragons
  4 tengu reavers
  2 thorn hunters
  6 fire giants
  Donald (Vaults:1)
  11 storm dragons
  3 nagarajas
  4 draconian monks
  A protean progenitor (Zot:3)
  2 deep elf sorcerers (Elf:3)
  2 draconian knights
  2 revenants (Crypt:1)
  5 frost giants
  4 draconian scorchers
  2 juggernaut zombies
  11 vault wardens
  6 draconian shifters
  A caustic shrike zombie (Crypt:1)
  An iron dragon (Vaults:4)
  A deep elf elementalist (Elf:3)
  2 reapers (Crypt:2)
  15 ironbound preservers
  2 draconian stormcallers
  A quicksilver ooze (IceCv)
  An orc warlord (Vaults:2)
  A juggernaut skeleton (Depths:2)
  A spriggan defender (Depths:2)
  8 stone giants
  6 very ugly things
  An eleionoma (Swamp:1)
  3 formless jellyfish (Vaults:1)
  4 yellow draconians
  6 deep elf demonologists
  7 green draconians
  3 draconian annihilators
  7 vampire knights
  An ironbound thunderhulk (Vaults:2)
  A grey draconian (Depths:4)
  2 deep elf death magi
  Azrael (D:14)
  7 red draconians
  A minotaur (Gauntlet)
  4 black draconians (Zot:2)
  5 spark wasps
  6 white draconians
  7 dire elephants
  5 deep elf annihilators (Elf:3)
  14 ettins
  12 purple draconians
  An eidolon (Vaults:3)
  A crystal guardian (Vaults:2)
  17 jiangshi
  A merfolk javelineer (Depths:1)
  A mummy priest (Crypt:1)
  2 shambling mangroves
  12 yaktaur captains
  2 fire dragons
  5 deep elf high priests (Elf:3)
  28 vault guards
  2 entropy weavers
  3 salamander tyrants (Snake:4)
  Fannar (D:11)
  18 hydras
  A peacekeeper (Vaults:2)
  Erolcha (D:12)
  2 rakshasas (Depths:2)
  2 ogre magi (Orc:2)
  7 ice dragons
  A sphinx zombie (Depths:2)
  A hell beast (D:15)
  4 spriggan air magi
  An ironbound frostheart (Vaults:2)
  6 anacondas
  A radroach (Zot:3)
  3 death knights
  A catoblepas (Lair:4)
  2 ghost crabs
  7 two-headed ogres
  3 boulder beetles
  3 deep troll shamans
  9 dancing weapons
  7 centaur warriors
  A sphinx skeleton (Depths:2)
  6 alligators
  5 naga warriors
  A tengu warrior (D:15)
  6 deep troll earth magi
  A fenstrider witch skeleton (Crypt:2)
  A vampire mage (Crypt:2)
  12 naga sharpshooters
  4 shock serpents
  A titan zombie (Crypt:1)
  Urug (Orc:2)
  A sun demon (Depths:4)
  6 hell knights
  12 deep elf knights
  18 skeletal warriors
  A bunyip zombie (Crypt:1)
  27 deep trolls
  4 shadow wraiths
  2 spark wasp zombies
  9 iron trolls
  2 salamander mystics
  8 flayed ghosts
  A goliath frog (Swamp:3)
  A storm dragon skeleton (D:15)
  2 glowing orange brains
  12 ironbound convokers
  13 deep elf archers
  5 swamp dragons
  5 necromancers
  5 naga ritualists
  2 phantasmal warriors
  5 orc knights
  3 harpies
  6 arcanists
  18 deep elf zephyrmancers
  26 ugly things
  12 deep elf pyromancers
  4 mana vipers
  11 lindwurms
  2 will-o-the-wisps
  A shining eye (shapeshifter) (Vaults:5)
  A moth of wrath (shapeshifter) (Depths:1)
  3 cyclopes
  A cyclops (shapeshifter) (Vaults:1)
  6 elephants
  4 manticores
  6 salamanders
  20 moths of wrath
  9 vault sentinels
  15 black mambas
  A centaur zombie (Crypt:2)
  An eleionoma skeleton (Crypt:2)
  An ice statue (IceCv)
  A rust devil (D:6)
  4 guardian serpents
  A frost giant skeleton (Depths:2)
  6 naga magi (Snake:4)
  A torpor snail (shapeshifter) (Depths:1)
  9 cane toads
  2 dire elephant skeletons
  A torpor snail (Lair:4)
  A smoke demon (Depths:2)
  3 gargoyles
  An alligator snapping turtle zombie (Crypt:1)
  A centaur skeleton (Crypt:1)
  3 large abominations
  A yellow draconian zombie (Crypt:2)
  2 unseen horrors
  3 komodo dragons
  2 unseen horrors (shapeshifter)
  A rime drake (Lair:5)
  33 yaktaurs
  A tengu conjurer (Depths:1)
  An efreet (D:14)
  4 freezing wraiths
  A meliai (Orc:1)
  A harpy zombie (Crypt:1)
  A harpy skeleton (Crypt:1)
  4 trolls
  5 tyrant leeches
  A merfolk (shapeshifter) (Vaults:4)
  4 hornets
  A raiju (shapeshifter) (Vaults:4)
  8 blink frogs
  3 dream sheep (Lair:5)
  A spectral black mamba (Gauntlet)
  2 air elementals
  5 spriggans
  A spriggan skeleton (Depths:2)
  A centaur simulacrum (Crypt:3)
  30 slime creatures
  A wind drake zombie (Crypt:1)
  23 yaks
  2 water elementals
  4 shadows
  4 wyverns
  11 wraiths
  2 humans (Bailey)
  3 fire elementals (D:14)
  A steam dragon (Lair:5)
  2 hogs (Snake:4)
  2 vampire mosquitoes
  2 redbacks (Vaults:3)
  4 wargs
  4 basilisks
  A death yak simulacrum (Lair:4)
  A harpy simulacrum (Crypt:3)
  5 swamp worms
  A human zombie (Depths:2)
  A deep troll zombie (Crypt:2)
  An acid dragon (D:10)
  13 nagas
  Duvessa (D:7)
  An acid dragon (shapeshifter) (D:13)
  13 water moccasins
  2 great orb of eyes simulacra (IceCv)
  2 sky beasts (D:7)
  2 ice beasts (D:6)
  4 swamp drakes
  A glowing shapeshifter skeleton (Vaults:1)
  13 orc warriors
  5 black bears
  7 wolves
  A dream sheep zombie (Crypt:1)
  9 laughing skulls
  11 ogres
  2 small abominations (Crypt:3)
  3 boggarts (Lair:2)
  5 centaurs (D:12)
  A slime creature simulacrum (IceCv)
  A yaktaur zombie (Crypt:1)
  A kobold brigand (Sewer)
  11 bullfrogs
  2 necrophages (Crypt:3)
  A cane toad simulacrum (Lair:4)
  A glowing shapeshifter simulacrum (IceCv)
  A scorpion (D:5)
  An earth elemental (Elf:3)
  2 wights (D:7)
  Dowan (D:7)
  3 killer bees (D:9)
  A human simulacrum (Vaults:1)
  An electric eel (Lair:2)
  10 orc priests
  A gnoll bouda (D:7)
  3 hounds
  2 jellies
  A sleepcap (D:7)
  Ijyb (D:5)
  6 iguanas
  9 orc wizards
  2 shapeshifter simulacra (IceCv)
  A wolf simulacrum (Lair:4)
  6 adders
  9 gnolls
  2 river rats (Sewer)
  2 shadow imps
  3 bombardier beetles
  4 dart slugs
  3 worms
  35 orcs
  6 bats
  3 endoplasms
  12 goblins
  4 hobgoblins
  13 jackals
  15 kobolds
  5 quokkas
  7 ball pythons
  6 frilled lizards
  5 rats
1282 creatures vanquished.

Vanquished Creatures (collateral kills)
  3 dread liches (Zot:5)
  4 ancient liches
  2 orbs of fire (Zot:5)
  Mara (Snake:2)
  A juggernaut (Depths:4)
  Vv (Crypt:3)
  Saint Roka (Orc:2)
  Bai Suzhen (Vaults:3)
  Margery (Vaults:3)
  2 Killer Klowns (Zot:5)
  Jory (Crypt:3)
  7 golden dragons
  A profane servitor (Crypt:3)
  A bone dragon (Crypt:3)
  Nikola (Elf:2)
  11 tentacled monstrosities
  13 Orb Guardians
  2 hellephants
  A lich (Depths:1)
  A deep elf blademaster (Elf:3)
  A walking earthen tome (Depths:3)
  4 quicksilver dragons
  4 titans (Vaults:5)
  3 ancient champions
  An Executioner (D:15)
  A deep elf master archer (Elf:3)
  2 sphinxes
  A thorn hunter (Swamp:4)
  Kirke (Snake:4)
  6 shadow dragons
  Aizul (Snake:2)
  8 death cobs
  Agnes (Snake:2)
  2 revenants
  2 tengu reavers
  3 storm dragons
  2 nagarajas (Snake:4)
  An azure jelly (IceCv)
  A protean progenitor (Zot:3)
  A draconian scorcher (Zot:5)
  4 draconian shifters
  5 draconian monks
  A deep elf sorcerer (Elf:3)
  4 fire giants
  4 frost giants
  2 draconian knights
  10 vault wardens
  3 ironbound preservers
  A deep elf elementalist (Elf:3)
  Louise (Swamp:2)
  A caustic shrike zombie (Depths:2)
  3 ghost moths
  2 ghouls
  A cacodemon (Depths:4)
  A spriggan defender (Depths:1)
  3 draconian stormcallers (Zot:2)
  6 stone giants
  11 ironbound thunderhulks
  3 green draconians
  8 very ugly things
  11 vampire knights
  A grey draconian (Depths:4)
  3 eleionomae
  4 deep elf annihilators
  4 deep elf demonologists
  2 red draconians
  A bunyip (Swamp:4)
  3 yellow draconians
  5 black draconians
  5 deep elf death magi
  7 purple draconians
  7 white draconians
  6 dire elephants
  3 eidola
  3 ettins
  8 jiangshi
  A quicksilver dragon zombie (Crypt:1)
  Josephine (Lair:4)
  3 yaktaur captains
  3 fire dragons
  A spriggan zombie (Crypt:2)
  3 deep elf high priests
  2 salamander tyrants (Snake:4)
  2 great orbs of eyes
  4 ice dragons
  2 rakshasas
  8 hydras
  6 alligators
  8 vault guards
  2 ogre magi (Orc:2)
  3 ironbound frosthearts
  3 catoblepae
  A radroach (Zot:3)
  2 death knights
  2 spriggan air magi (Depths:2)
  3 anacondas
  9 two-headed ogres
  3 spriggan skeletons
  A sphinx zombie (D:15)
  3 centaur warriors (Vaults:1)
  A two-headed ogre (shapeshifter) (Elf:2)
  12 dancing weapons
  4 deep troll shamans
  4 naga warriors
  A death scarab (Gauntlet)
  4 tengu warriors (Depths:3)
  A titan zombie (Depths:2)
  4 vampire magi
  An occultist (Depths:1)
  4 shock serpents
  4 deep troll earth magi
  3 naga sharpshooters (Snake:4)
  A spriggan berserker (Depths:4)
  5 hell knights
  2 orc high priests
  4 iron trolls
  A sun demon (Zot:5)
  3 shadow wraiths
  18 skeletal warriors
  6 deep elf knights
  2 glowing orange brains (Depths:1)
  5 goliath frogs
  4 spriggan druids
  2 salamander mystics
  A flayed ghost (Crypt:3)
  2 naga ritualists (Snake:4)
  24 deep trolls
  2 bog bodies
  Pikel (D:8)
  5 arcanists
  4 necromancers
  3 phantasmal warriors
  12 lindwurms
  3 orc knights
  19 ironbound convokers
  8 swamp dragons
  An oklob plant (Lair:2)
  5 deep elf archers
  15 deep elf pyromancers
  A tengu skeleton (Depths:2)
  3 harpies (Vaults:1)
  2 large abominations
  19 deep elf zephyrmancers
  A mana viper (Snake:2)
  A shadow dragon skeleton (Depths:2)
  A shadow dragon zombie (Depths:2)
  An orc sorcerer (Orc:2)
  A cyclops (D:11)
  A human zombie (Vaults:1)
  3 manticores
  6 salamanders
  4 will-o-the-wisps
  14 moths of wrath
  30 ugly things
  3 elephants
  An ice statue (IceCv)
  An elephant (shapeshifter) (Vaults:5)
  14 black mambas
  A guardian serpent (Snake:4)
  11 vault sentinels
  A stone giant skeleton (Vaults:1)
  7 naga magi
  A fire giant skeleton (Depths:2)
  A gargoyle (D:13)
  3 unseen horrors
  2 orange demons
  5 cane toads
  5 freezing wraiths
  4 rime drakes
  A yaktaur (shapeshifter) (Vaults:5)
  15 yaktaurs
  5 komodo dragons
  A tengu conjurer (D:15)
  A red devil (D:14)
  A polar bear (Lair:4)
  Prince Ribbit (Bailey)
  6 hornets
  5 tyrant leeches
  A harpy zombie (Crypt:1)
  3 dream sheep (Lair:5)
  A glass eye (Depths:2)
  6 blink frogs
  A meliai zombie (Crypt:1)
  16 slime creatures
  An air elemental (Elf:1)
  7 spriggans
  2 wyverns
  3 water elementals
  3 wraiths
  6 shadows
  A naga simulacrum (Crypt:2)
  17 yaks
  4 basilisks
  3 fire elementals
  4 hogs (Snake:4)
  6 humans (Bailey)
  A steam dragon (D:9)
  A redback (Vaults:3)
  A small abomination (Crypt:3)
  A merfolk zombie (Crypt:2)
  7 vampire mosquitoes
  20 nagas
  9 swamp worms
  4 great orb of eyes simulacra (IceCv)
  3 acid dragons
  A hell hound (D:14)
  7 water moccasins
  A human skeleton (Depths:2)
  14 orc warriors
  3 swamp drakes
  15 ogres
  3 black bears
  7 wolves
  10 laughing skulls
  A boggart (Lair:2)
  2 centaurs
  A lemure (D:9)
  A weeping skull (Crypt:3)
  2 kobold brigands
  2 slime creature simulacra (IceCv)
  A gnoll sergeant (Orc:2)
  9 bullfrogs
  2 necrophages (Crypt:3)
  6 wights
  4 burial acolytes (Crypt:3)
  4 killer bees
  A raiju skeleton (Crypt:2)
  3 electric eels
  A jelly (D:8)
  2 hounds
  3 orc priests
  4 iguanas
  9 orc wizards
  A shapeshifter simulacrum (IceCv)
  2 boggart skeletons
  3 gnolls
  A shadow imp (D:6)
  A bombardier beetle (D:5)
  2 white imps
  36 orcs
  A ball python (D:8)
  A goblin (D:9)
  A hobgoblin (Bailey)
  A kobold (D:9)
1011 creatures vanquished.

Vanquished Creatures (others)
  A draconian annihilator (Zot:2)
  A deep elf annihilator (Elf:1)
  2 yaktaur captains (Vaults:5)
  A deep elf knight (Elf:1)
  An ironbound convoker (Vaults:5)
  An arcanist (Vaults:4)
  3 bloated husks
  A water elemental (Elf:2)
  A swamp drake (Swamp:4)
  An ancestor (D:7)
  76 battlemagi
  An orc (D:8)
  22 foxfires
112 creatures vanquished.

Grand Total: 2405 creatures vanquished

Notes
Turn   | Place    | Note
-------+----------+-------------------------------------------
     0 | D:1      | PanSaczeczos the Barachi Brigand began the quest for the
                  | Orb.
     0 | D:1      | Reached XP level 1. HP: 17/17 MP: 1/1
   230 | D:1      | Reached skill level 3 in Fighting
   269 | D:1      | Reached XP level 2. HP: 22/24 MP: 2/2
   535 | D:1      | Reached XP level 3. HP: 28/29 MP: 3/3
   542 | D:1      | Found a faded altar of an unknown god.
  1133 | D:2      | Reached skill level 4 in Fighting
  1540 | D:2      | Found an ornate altar of the Wu Jian Council.
  1553 | D:2      | Reached XP level 4. HP: 37/37 MP: 4/4
  2208 | D:3      | Reached skill level 5 in Fighting
  2599 | D:4      | Reached skill level 1 in Maces & Flails
  2675 | D:4      | Reached XP level 5. HP: 35/44 MP: 5/5
  3247 | D:5      | Entered Level 5 of the Dungeon
  3281 | D:5      | Reached XP level 6. HP: 47/51 MP: 6/6
  3380 | D:5      | Noticed a black bear
  3489 | D:5      | Found a staircase to the Ecumenical Temple.
  3495 | Temple   | Entered the Ecumenical Temple
  3514 | Temple   | Became a worshipper of Hepliaklqana the Forgotten
  3564 | D:5      | Killed a black bear
  3586 | D:5      | Found a glowing drain.
  3595 | D:5      | Noticed Ijyb
  3600 | Sewer    | Entered a sewer
  3686 | Sewer    | Reached skill level 6 in Fighting
  3686 | Sewer    | Reached XP level 7. HP: 37/58 MP: 7/7
  3722 | Sewer    | Found a white marble altar of Elyvilon.
  4093 | D:5      | Killed Ijyb
  4174 | D:5      | Found a runed translucent gate.
  4175 | D:5      | Found a runed translucent gate.
  4176 | D:5      | Found a runed translucent gate.
  4177 | D:5      | Noticed Gruesome's ghost (novice OpSh)
  4177 | D:5      | Noticed flestrin's ghost (novice BaSh)
  4322 | D:5      | Reached skill level 5 in Maces & Flails
  4532 | D:5      | Reached * piety under Hepliaklqana
  4578 | D:5      | Found a hide-covered altar of Uskayaw.
  4630 | D:5      | Reached XP level 8. HP: 57/57 MP: 8/8
  5063 | D:5      | Identified a scroll of acquirement {!r}
  5063 | D:5      | Acquired a +2 pair of boots of flying
  5190 | D:6      | Reached skill level 1 in Invocations
  5457 | D:6      | HP: 11/57 [ogre/+0 giant spiked club (27)]
  5533 | D:6      | Reached skill level 7 in Fighting
  5674 | D:6      | Reached skill level 5 in Armour
  6022 | D:7      | Noticed Duvessa
  6022 | D:7      | Noticed Dowan
  6028 | D:7      | Killed Duvessa
  6029 | D:7      | Reached skill level 8 in Fighting
  6029 | D:7      | Reached XP level 9. HP: 66/66 MP: 11/11
  6031 | D:7      | Killed Dowan
  6410 | D:7      | Reached ** piety under Hepliaklqana
  6411 | D:7      | Remembered your ancestor Publius as a battlemage
  6539 | D:7      | Found a transporter.
  6581 | D:7      | Found a transporter.
  6607 | D:7      | Found a one-way gate to the infinite horrors of the Abyss.
  6607 | D:7      | Noticed a green ugly thing
  6607 | D:7      | Noticed Takeo's ghost (journeyman DjFE)
  6866 | D:8      | Noticed a two-headed ogre
  6939 | D:8      | Killed a two-headed ogre
  6940 | D:8      | Reached skill level 9 in Fighting
  6940 | D:8      | Reached XP level 10. HP: 67/74 MP: 11/13
  6954 | D:8      | Reached skill level 10 in Maces & Flails
  6979 | D:8      | Noticed a manticore
  7005 | D:8      | Killed a manticore
  7006 | D:8      | Reached skill level 10 in Fighting
  7275 | D:8      | Identified the +0 scale mail of Qeanwad {Harm rPois Str+3
                  | Int+3}
  7297 | D:8      | Noticed a manticore
  7302 | D:8      | Killed a manticore
  7361 | D:8      | Noticed a two-headed ogre
  7381 | D:8      | Killed a two-headed ogre
  7382 | D:8      | Reached skill level 1 in Evocations
  7441 | D:8      | Reached skill level 5 in Invocations
  7448 | D:8      | Noticed a cyclops
  7472 | D:8      | Killed a cyclops
  7473 | D:8      | Reached XP level 11. HP: 82/82 MP: 14/14
  7536 | D:8      | Found a staircase to the Lair.
  7689 | D:8      | Reached skill level 11 in Fighting
  7858 | D:9      | Reached skill level 1 in Axes
  7962 | D:9      | Noticed a two-headed ogre
  7963 | D:9      | Found a flagged portal.
  7971 | D:9      | Killed a two-headed ogre
  8011 | Bailey   | Entered a bailey
  8088 | Bailey   | Reached skill level 5 in Axes
  8183 | Bailey   | Noticed a vault guard
  8205 | Bailey   | HP: 22/124 [vault guard/+0 broad axe (20)]
  8208 | Bailey   | Killed a vault guard
  8279 | Bailey   | Noticed Prince Ribbit
  8279 | Bailey   | Noticed a vault guard
  8282 | Bailey   | Killed Prince Ribbit
  8288 | Bailey   | Killed a vault guard
  8417 | D:9      | Paralysed by a hornet for 2 turns
  8547 | D:9      | Noticed a two-headed ogre
  8554 | D:9      | Killed a two-headed ogre
  8694 | D:9      | Noticed Pikel
  8702 | D:8      | Killed Pikel
  9189 | Lair:1   | Entered Level 1 of the Lair of Beasts
  9234 | Lair:1   | Reached XP level 12. HP: 90/90 MP: 15/15
  9248 | Lair:1   | Reached skill level 10 in Axes
  9740 | Lair:1   | Reached *** piety under Hepliaklqana
 10138 | Lair:2   | Found a staircase to the Snake Pit.
 10251 | Lair:2   | Found a gate leading to a gauntlet.
 10328 | Gauntlet | Entered a Gauntlet
 10328 | Gauntlet | Found a transporter.
 10328 | Gauntlet | Found a transporter.
 10328 | Gauntlet | Found a transporter.
 10328 | Gauntlet | Found a transporter.
 10339 | Gauntlet | Found a transporter.
 10342 | Gauntlet | Found a transporter.
 10353 | Gauntlet | Found a transporter.
 10354 | Gauntlet | Found a transporter.
 10364 | Gauntlet | Found a transporter.
 10381 | Gauntlet | Found a transporter.
 10400 | Gauntlet | Found a transporter.
 10403 | Gauntlet | Found a transporter.
 10411 | Gauntlet | Noticed a death scarab
 10463 | Gauntlet | Found a runed translucent door.
 10584 | Gauntlet | Killed a death scarab
 10594 | Gauntlet | Identified the -1 hat "Nephoela" {rCorr}
 10692 | Gauntlet | Noticed a minotaur
 10707 | Gauntlet | Killed a minotaur
 10844 | Lair:2   | Reached skill level 12 in Fighting
 11007 | Lair:2   | Found the +8 autumn katana {manifold assault}
 11167 | Lair:2   | Reached **** piety under Hepliaklqana
 11270 | Lair:2   | Gained mutation: You can hop long distances. [Barachi
                  | growth]
 11270 | Lair:2   | Reached XP level 13. HP: 88/98 MP: 18/18
 11513 | Lair:2   | Found a staircase to the Swamp.
 11788 | Lair:3   | Reached skill level 13 in Fighting
 12477 | Lair:4   | Reached ***** piety under Hepliaklqana
 12484 | Lair:4   | Found a frozen archway.
 12527 | IceCv    | Entered an ice cave
 13008 | IceCv    | HP: 25/100 [slime creature (9)]
 13009 | IceCv    | HP: 12/100 [slime creature (14)]
 13256 | IceCv    | Reached skill level 14 in Fighting
 13311 | IceCv    | Noticed a quicksilver ooze
 13313 | IceCv    | Noticed an azure jelly
 13315 | IceCv    | Killed a quicksilver ooze
 13323 | IceCv    | Killed an azure jelly
 13326 | IceCv    | Found a viscous altar of Jiyva.
 13340 | IceCv    | Identified the +0 robe "Qecvatyel" {+Blink rN+ Str-5 SInv}
 13347 | IceCv    | Got the +4 spear "Urur" {freeze, +Blink rPois Str+3}
 13467 | Lair:4   | Reached XP level 14. HP: 65/108 MP: 20/20
 13664 | Lair:4   | Reached skill level 15 in Axes
 14022 | Lair:4   | Found a glowing silver altar of Zin.
 14389 | Lair:5   | Entered Level 5 of the Lair of Beasts
 14540 | Lair:5   | Noticed Josephine
 14559 | Lair:4   | Killed Josephine
 15161 | Lair:5   | Reached skill level 5 in Evocations
 15237 | Lair:5   | HP: 25/108 [komodo dragon (26)]
 15865 | Lair:5   | Reached skill level 5 in Dodging
 16196 | Lair:5   | Found a staircase to the Slime Pits.
 16196 | Lair:5   | Found a viscous altar of Jiyva.
 16422 | D:10     | Entered Level 10 of the Dungeon
 16519 | D:10     | Found a staircase to the Orcish Mines.
 17179 | Orc:1    | Entered Level 1 of the Orcish Mines
 17180 | Orc:1    | Noticed Sonja
 17182 | Orc:1    | Sonja changed into Sonja the meliai
 17182 | Orc:1    | Noticed Sonja
 17186 | Orc:1    | Killed Sonja the meliai
 17263 | Orc:1    | Reached XP level 15. HP: 114/114 MP: 21/21
 17586 | Orc:1    | Found Syeba's Vocational Training.
 17824 | Orc:2    | Entered Level 2 of the Orcish Mines
 17824 | Orc:2    | Found a staircase to the Elven Halls.
 17825 | Orc:2    | Noticed Saint Roka
 17870 | Orc:2    | Noticed Urug
 17881 | Orc:2    | Killed Urug
 18213 | Orc:2    | Reached skill level 1 in Shields
 18305 | Orc:1    | Reached skill level 15 in Fighting
 18338 | Orc:2    | Noticed Rupert
 19081 | Orc:2    | Found Fihifi's Armour Boutique.
 19081 | Orc:2    | Found Yfau's Antique Weapon Emporium.
 19084 | Orc:2    | Found Lexaatuq's Armour Shoppe.
 19084 | Orc:2    | Found Nolooxofir's Distillery.
 19292 | Orc:2    | Killed Saint Roka
 19357 | Orc:2    | Killed Rupert
 19375 | Orc:2    | Found a runed translucent door.
 19376 | Orc:2    | Noticed bumbalina's ghost (journeyman OnBe)
 19531 | Orc:2    | Bought a +0 helmet of see invisible for 126 gold pieces
 20001 | D:11     | Noticed Fannar
 20007 | D:11     | Killed Fannar
 21160 | D:12     | Noticed Erolcha
 21166 | D:12     | Killed Erolcha
 21279 | D:12     | Got Sif Muna's Collected Works on Misfortune
 22054 | D:13     | Found a gate to the Vaults.
 22075 | D:13     | Reached XP level 16. HP: 92/123 MP: 18/23
 22552 | D:14     | Reached skill level 10 in Invocations
 22664 | D:14     | Noticed Azrael
 22665 | D:14     | Reached skill level 5 in Shields
 22673 | D:14     | Reached skill level 10 in Armour
 22675 | D:14     | Killed Azrael
 22813 | D:14     | Noticed Nessos
 22822 | D:14     | Nessos changed into Nessos the moth of wrath
 22822 | D:14     | Noticed Nessos
 22826 | D:14     | Killed Nessos the moth of wrath
 22851 | D:14     | Reached skill level 16 in Fighting
 23396 | D:15     | Entered Level 15 of the Dungeon
 23636 | D:15     | Reached ****** piety under Hepliaklqana
 24037 | D:15     | Found a staircase to the Depths.
 24656 | Snake:1  | Entered Level 1 of the Snake Pit
 24669 | Snake:1  | Found Gubicwam's Book Emporium.
 24808 | Snake:1  | Noticed Roxanne
 25495 | Snake:2  | Noticed a nagaraja
 25562 | Snake:2  | Killed a nagaraja
 25599 | Snake:2  | Identified the serpent talisman "Pousedit" {rN++}
 25599 | Snake:2  | Noticed Aizul
 25609 | Snake:2  | Killed Aizul
 25747 | Snake:2  | Noticed Agnes
 25750 | Snake:2  | Killed Agnes
 25857 | Snake:2  | Noticed a nagaraja
 25871 | Snake:2  | Killed a nagaraja
 25919 | Snake:2  | You are sucked into a shaft and drop 1 floor!
 26825 | Snake:3  | Noticed Vashnia
 26959 | Snake:3  | Killed Vashnia
 26960 | Snake:3  | Reached skill level 10 in Evocations
 26960 | Snake:3  | Reached XP level 17. HP: 107/130 MP: 23/25
 27030 | Snake:3  | Found Miedghep's Assorted Antiques.
 27033 | Snake:3  | Noticed Mara
 27050 | Snake:3  | Noticed PanSaczeczos's illusion
 27278 | Snake:3  | Noticed PanSaczeczos's illusion
 27287 | Snake:2  | Noticed PanSaczeczos's illusion
 27294 | Snake:2  | Killed Mara
 27344 | Snake:3  | Bought a potion of heal wounds for 115 gold pieces
 28163 | Snake:4  | Entered Level 4 of the Snake Pit
 28450 | Snake:4  | Reached skill level 17 in Fighting
 28861 | Snake:4  | Found Qoew's Book Shoppe.
 29036 | Snake:4  | Noticed Kirke
 29051 | Snake:4  | Killed Kirke
 29183 | Snake:4  | Reached skill level 10 in Shields
 29918 | Snake:4  | Reached skill level 18 in Fighting
 30077 | Snake:4  | Noticed a quicksilver dragon
 30082 | Snake:4  | Killed a quicksilver dragon
 30124 | Snake:4  | Reached XP level 18. HP: 135/141 MP: 27/27
 30418 | Snake:4  | Got a serpentine rune of Zot
 30781 | Swamp:1  | Entered Level 1 of the Swamp
 31848 | Swamp:2  | Noticed Louise
 31853 | Swamp:2  | Killed Louise
 31890 | Swamp:2  | Reached skill level 19 in Fighting
 32796 | Swamp:3  | Acquired the +0 mask of the Dragon {Will+ Slay+3 SInv}
 32796 | Swamp:3  | Found the +0 mask of the Dragon {Will+ Slay+3 SInv}
 33154 | Swamp:3  | Identified the +0 ring mail of Rotation {rC+ Str+3 Dex+2}
 33355 | Swamp:4  | Entered Level 4 of the Swamp
 33921 | Swamp:4  | Reached XP level 19. HP: 111/151 MP: 23/28
 34182 | Swamp:4  | Got a decaying rune of Zot
 34783 | Elf:1    | Entered Level 1 of the Elven Halls
 34786 | Elf:1    | Paralysed by an air elemental for 1 turns
 35504 | Elf:1    | Reached skill level 20 in Fighting
 35877 | Elf:1    | Paralysed by an air elemental for 1 turns
 36246 | Elf:2    | Paralysed by an air elemental for 1 turns
 36434 | Elf:3    | Entered Level 3 of the Elven Halls
 36487 | Elf:2    | Noticed Nikola
 36495 | Elf:2    | Killed Nikola
 37345 | Elf:2    | Found a runed translucent gate.
 37346 | Elf:2    | Found a runed translucent gate.
 37346 | Elf:2    | Found a runed translucent gate.
 37624 | Elf:3    | Found Asaessyn's Antique Weapon Emporium.
 37663 | Elf:3    | HP: 36/152 [+2 glaive of freezing (14)]
 38198 | Elf:3    | Reached XP level 20. HP: 140/158 MP: 29/29
 38657 | Elf:3    | Noticed Asterion
 38685 | Elf:3    | Killed Asterion
 39406 | Elf:3    | Identified the +7 ring mail of Dice, Bag, and Bottle {Harm
                  | Regen+ rCorr}
 39417 | Elf:3    | Identified the +1 long sword "Omuts" {venom, rC+++ Str+2
                  | Dex-2 Stlth+}
 39563 | Elf:3    | Identified the +2 flail of Writhing Infinite Pain {drain,
                  | rC+ MP+9}
 39575 | Elf:3    | Reached skill level 15 in Shields
 40162 | Elf:3    | Identified the +1 demon trident of Eternal Night {pain,
                  | rN+}
 40190 | Elf:3    | Identified the staff "Ewaohixa" {rN+ Will+ Necro}
 40503 | Elf:3    | Reached skill level 15 in Armour
 40785 | Elf:3    | Identified the staff of Weyw Wyo {rPois rF- rC+ Dex+6 Tloc
                  | Ice}
 41165 | Vaults:1 | Entered Level 1 of the Vaults
 41261 | Vaults:1 | Reached skill level 10 in Dodging
 41383 | Vaults:1 | Noticed Donald
 41399 | Vaults:1 | Killed Donald
 41400 | Vaults:1 | Paralysed by a formless jellyfish for 1 turns
 41937 | Vaults:1 | Reached skill level 15 in Invocations
 42336 | Vaults:1 | Reached XP level 21. HP: 164/164 MP: 32/32
 42633 | Vaults:1 | Paralysed by a formless jellyfish for 1 turns
 43986 | Vaults:2 | Acquired 848 gold pieces
 44255 | Vaults:2 | Reached skill level 1 in Shapeshifting
 45646 | Vaults:3 | Reached skill level 21 in Fighting
 45661 | Vaults:3 | Reached XP level 22. HP: 174/174 MP: 34/34
 45746 | Vaults:3 | Reached skill level 5 in Shapeshifting
 45847 | Vaults:3 | Found a staircase to the Crypt.
 45852 | Vaults:3 | HP: 35/162 [laughing skull/bolt of negative energy[a curse
                  | skull] (23)]
 46902 | Vaults:3 | Reached skill level 1 in Unarmed Combat
 47553 | Vaults:4 | Identified the +0 scale mail "Acazuab" {rPois Str+7 Int-4
                  | Stlth-}
 47752 | Vaults:4 | HP: 25/174 [ironbound thunderhulk/bolt of lightning[a vault
                  | warden] (64)]
 47753 | Vaults:4 | Noticed Zenata
 48130 | Vaults:4 | Found Gatiacvose's Distillery.
 48149 | Vaults:4 | Killed Zenata
 48162 | Vaults:4 | Bought a potion of curing for 48 gold pieces
 48162 | Vaults:4 | Bought a potion of curing for 48 gold pieces
 48162 | Vaults:4 | Bought a potion of cancellation for 128 gold pieces
 48162 | Vaults:4 | Bought a potion of heal wounds for 80 gold pieces
 48162 | Vaults:4 | Bought a potion of curing for 48 gold pieces
 48937 | Depths:1 | Entered Level 1 of the Depths
 49260 | Depths:1 | Found a one-way gateway to a ziggurat.
 49447 | Depths:1 | Reached skill level 5 in Unarmed Combat
 49682 | Depths:1 | Found a gateway to Hell.
 49698 | Depths:1 | Reached XP level 23. HP: 181/181 MP: 35/35
 49719 | Depths:1 | Found Kuumne's Jewellery Emporium.
 49721 | Depths:1 | Found Jyomu's Book Shop.
 49721 | Depths:1 | Found Aston's Book Shop.
 49734 | Depths:1 | Bought the ring of Kicareh {rPois Will+++} for 1100 gold
                  | pieces
 50339 | Depths:1 | Found a snail-covered altar of Cheibriados.
 50821 | Depths:2 | Reached skill level 22 in Fighting
 50825 | Depths:2 | Reached skill level 10 in Shapeshifting
 50873 | Depths:1 | HP: 35/182 [white very ugly thing (14)]
 51426 | Depths:2 | Found a flickering gateway to a bazaar.
 51436 | Bazaar   | Entered a bazaar
 51436 | Bazaar   | Found Daocur's Magic Scroll Emporium.
 51436 | Bazaar   | Found Yjept's Weapon Shoppe.
 51436 | Bazaar   | Found Rapp's Antique Weapon Emporium.
 51543 | Bazaar   | Found Tos Jifo's Jewellery Shoppe.
 51559 | Bazaar   | Bought a scroll of teleportation for 27 gold pieces
 51559 | Bazaar   | Bought a scroll of revelation for 67 gold pieces
 51559 | Bazaar   | Bought a scroll of blinking for 67 gold pieces
 51559 | Bazaar   | Bought a scroll of teleportation for 27 gold pieces
 51900 | Depths:2 | Found a stormy altar of Qazlal.
 52370 | Depths:2 | Identified the +7 long sword of Kazxah {holy, Int+3}
 52389 | Depths:2 | Found a one-way gate leading to the halls of Pandemonium.
 52688 | Depths:3 | HP: 33/183 [stone giant (28)]
 52688 | Depths:3 | HP: 15/183 [deep troll earth mage (11)]
 52723 | Depths:2 | HP: 44/183 [spriggan defender skeleton (2)]
 53151 | Depths:3 | Identified the +1 long sword "Latoddu" {holy, ^Drain rF+
                  | rC++ Will+}
 53695 | Depths:3 | Reached skill level 5 in Throwing
 54185 | Depths:3 | You are sucked into a shaft and drop 1 floor!
 54185 | Depths:4 | Entered Level 4 of the Depths
 54203 | Depths:4 | Noticed a juggernaut
 54218 | Depths:4 | Killed a juggernaut
 54727 | Depths:3 | Reached XP level 24. HP: 172/190 MP: 35/35
 55135 | Depths:4 | Found a portal to a secret trove of treasure.
 56709 | Depths:4 | Found a gate to the Realm of Zot.
 57301 | Orc:2    | Bought the +8 chain mail of Repulsion {rN+} for 835 gold
                  | pieces
 58085 | Crypt:1  | Entered Level 1 of the Crypt
 58103 | Crypt:1  | Reached skill level 23 in Fighting
 58121 | Crypt:1  | Found a runed translucent gate.
 58121 | Crypt:1  | Found a runed translucent gate.
 58121 | Crypt:1  | Found a runed translucent gate.
 58125 | Crypt:1  | Noticed Eroclych's ghost (adept GrFi)
 58125 | Crypt:1  | Noticed Margery
 58496 | Vaults:3 | Killed Margery
 58660 | Crypt:1  | Got Mongaam's Collected Works on the Charnel House
 58752 | Crypt:1  | Noticed Bai Suzhen
 58824 | Vaults:3 | Killed Bai Suzhen
 59114 | Crypt:1  | You are sucked into a shaft and drop 1 floor!
 59119 | Crypt:2  | Reached skill level 10 in Unarmed Combat
 59129 | Crypt:2  | Noticed an ancient lich
 59176 | Crypt:1  | HP: 31/182 [vampire knight/+0 great mace (19)]
 59179 | Crypt:1  | HP: 14/183 [spectral alligator snapping turtle[a revenant]
                  | (19)]
 60603 | Crypt:2  | Killed an ancient lich
 60604 | Crypt:2  | Reached XP level 25. HP: 198/198 MP: 35/35
 60778 | Crypt:2  | Identified the serpent talisman of the Insatiable Yaks
                  | {Int+2}
 61654 | Crypt:3  | Entered Level 3 of the Crypt
 61706 | Crypt:3  | Noticed Vv
 61713 | Crypt:3  | Killed Vv
 61849 | Crypt:3  | Reached skill level 15 in Shapeshifting
 61982 | Crypt:3  | Found a basalt altar of Yredelemnul.
 62650 | Crypt:3  | Identified the +1 mace of Jeuhoh {drain, rCorr}
 63000 | Crypt:3  | Noticed Jory
 63008 | Crypt:3  | Killed Jory
 63009 | Crypt:3  | Found a staircase to the Tomb.
 63195 | Vaults:5 | Entered Level 5 of the Vaults
 63210 | Vaults:5 | Reached skill level 24 in Fighting
 63665 | Vaults:5 | Identified the +7 mace "Idesacw" {freeze, Will+}
 63937 | Vaults:5 | Noticed an ancient lich
 63943 | Vaults:5 | Killed an ancient lich
 64528 | Vaults:5 | Noticed an ancient lich
 64533 | Vaults:5 | Reached XP level 26. HP: 150/209 MP: 32/35
 64535 | Vaults:5 | HP: 39/209 [ancient lich/crystal spear (74)]
 64545 | Vaults:5 | HP: 45/209 [ettin/+0 dire flail (16)]
 65158 | Depths:4 | You paid a toll of a +5 demon whip to enter a treasure
                  | trove
 65159 | Trove    | Entered a treasure trove
 65165 | Trove    | Found the +2 shield of Resistance {rF++ rC++ Will++}
 65165 | Trove    | Found the +2 pair of slick slippers {slick, slippery, EV+4}
 65166 | Trove    | Found the +15 Maxwell's patent armour {-Cast -Tele rElec
                  | Will+ rCorr}
 65170 | Trove    | Identified the +2 pair of gloves of the Planets {Int+4}
 65172 | Trove    | Identified the +0 crystal plate armour of the Eight Stars
                  | {rN+ Will+}
 65178 | Trove    | Identified the scarf "Uxka Okoad" {harm, Rampage *Slow rN+}
 65852 | Snake:1  | Bought a manual of Dodging for 960 gold pieces
 66162 | Vaults:5 | Killed an ancient lich
 66510 | Vaults:5 | Gained mutation: You have a pair of small antennae on your
                  | head. [a shining eye]
 66630 | Vaults:5 | Got a silver rune of Zot
 67660 | Vaults:5 | Identified the +3 scale mail of an ossuary {Fly rC+++
                  | Int-5}
 67661 | Vaults:5 | Identified the +1 pair of boots of the Endless Expanse
                  | {Rampage rF- rCorr Str+4}
 67670 | Vaults:5 | Identified the +7 mace "Fucker" {flame, Int+6}
 67711 | Vaults:5 | Identified the staff of Objectivity {rPois rF+ rN+ Int+3
                  | Necro}
 67729 | Vaults:5 | Identified the ring "Hotsaracw" {Wiz Slay+6}
 68150 | Orc:1    | Bought a manual of Evocations for 1120 gold pieces
 68150 | Orc:1    | Bought a manual of Invocations for 1120 gold pieces
 68438 | Vaults:5 | Identified the +5 scale mail of Ruvaramn {rPois rF+ Dex+2
                  | Slay+6}
 68439 | Vaults:5 | Identified the +0 sling of the Charmed God {speed, ^Drain
                  | rN+ Str+5}
 68851 | Snake:3  | Bought a box of beasts for 920 gold pieces
 68851 | Snake:3  | Bought a potion of mutation for 184 gold pieces
 69064 | Orc:2    | Bought a potion of curing for 36 gold pieces
 69064 | Orc:2    | Bought a potion of mutation for 96 gold pieces
 69064 | Orc:2    | Bought a potion of invisibility for 96 gold pieces
 69064 | Orc:2    | Bought a potion of haste for 120 gold pieces
 69064 | Orc:2    | Bought a potion of curing for 36 gold pieces
 69064 | Orc:2    | Bought 2 potions of mutation for 192 gold pieces
 69064 | Orc:2    | Bought a potion of curing for 36 gold pieces
 69388 | Zot:1    | Entered Level 1 of the Realm of Zot
 69539 | Zot:1    | Found a runed translucent door.
 69542 | Zot:1    | Noticed gruber's ghost (veteran GnAl)
 71068 | Zot:2    | Reached skill level 25 in Fighting
 71832 | Zot:3    | Reached XP level 27. HP: 214/217 MP: 35/35
 72724 | Zot:3    | Found a transporter.
 72725 | Zot:3    | Noticed NigelTetley's ghost (veteran DsGl)
 72734 | Zot:3    | Found a transporter.
 72749 | Zot:3    | Identified the amulet of Dissent {RegenMP rC+ rN+ Int+3}
 74904 | Zot:5    | Entered Level 5 of the Realm of Zot
 75006 | Zot:5    | Noticed an orb of fire
 75006 | Zot:5    | Noticed an orb of fire
 75006 | Zot:5    | Noticed an ancient lich
 75006 | Zot:5    | Noticed a dread lich
 75011 | Zot:5    | Gained mutation: You are weak. (Str -2) [an orb of fire]
 75764 | Zot:5    | Killed a dread lich
 75822 | Zot:5    | Killed an orb of fire
 76313 | Zot:5    | Killed an orb of fire
 76369 | Zot:5    | Noticed a dread lich
 76381 | Zot:5    | Killed a dread lich
 76963 | Zot:5    | Noticed a dread lich
 76971 | Zot:5    | Noticed an ancient lich
 76972 | Zot:5    | Killed a dread lich
 76972 | Zot:5    | Noticed a dread lich
 76973 | Zot:5    | Noticed an orb of fire
 76974 | Zot:5    | Noticed an orb of fire
 76974 | Zot:5    | Killed an ancient lich
 76974 | Zot:5    | Noticed an orb of fire
 76978 | Zot:5    | Gained mutation: Armour fits poorly on your strangely
                  | shaped body. [an orb of fire]
 76980 | Zot:5    | Gained mutation: Your spells are a little easier to cast,
                  | but a little less powerful. [an orb of fire]
 76980 | Zot:5    | Gained mutation: You are dopey. (Int -2) [an orb of fire]
 76980 | Zot:5    | Gained mutation: You are very weak. (Str -4) [an orb of
                  | fire]
 76982 | Zot:5    | Killed an orb of fire
 76983 | Zot:5    | Killed a dread lich
 76983 | Zot:5    | Gained mutation: You occasionally lose the ability to read
                  | scrolls when taking damage. [an orb of fire]
 76986 | Zot:5    | Killed an ancient lich
 76987 | Zot:5    | Reached skill level 26 in Fighting
 76990 | Zot:5    | Killed an orb of fire
 76993 | Zot:5    | Killed an orb of fire
 77127 | Zot:4    | Lost mutation: You are dopey. (Int -2) [potion of mutation]
 77127 | Zot:4    | Lost mutation: Armour fits poorly on your strangely shaped
                  | body. [potion of mutation]
 77127 | Zot:4    | Lost mutation: You are very weak. (Str -4) [potion of
                  | mutation]
 77127 | Zot:4    | Gained mutation: You have sharp toenails. [potion of
                  | mutation]
 77127 | Zot:4    | Gained mutation: You are dopey. (Int -2) [potion of
                  | mutation]
 77128 | Zot:4    | Lost mutation: Your spells are a little easier to cast, but
                  | a little less powerful. [potion of mutation]
 77128 | Zot:4    | Lost mutation: You occasionally lose the ability to read
                  | scrolls when taking damage. [potion of mutation]
 77128 | Zot:4    | Lost mutation: You have sharp toenails. [potion of
                  | mutation]
 77128 | Zot:4    | Gained mutation: Your flesh is cold resistant. (rC+)
                  | [potion of mutation]
 77128 | Zot:4    | Gained mutation: You are partially covered in iridescent
                  | scales. (AC +2) [potion of mutation]
 77128 | Zot:4    | Lost mutation: You are weak. (Str -2) [potion of mutation]
 78153 | Zot:5    | Got the Orb of Zot
 78430 | Depths:1 | Noticed Rarch the pandemonium lord
 78437 | Depths:1 | Killed Rarch the pandemonium lord
 78441 | Depths:1 | Noticed a seraph
 78853 | D:$      | Escaped with the Orb!

Illustrated notes

Levels and vault maps discovered:
D:1:      amcnicky_arrival_gap_in_the_tavern_cellar, layout_loops_ring,
          hellmonk_ecumenical_altar_pennies_from_heaven, minmay_tetromino_s2
D:2:      minmay_general_purpose_star, layout_basic, basic_altar
D:3:      layout_rooms
D:4:      layout_cave_pools
D:5:      layout_loops_corners, general_overflow_altar,
          minmay_temple_entry_statues, gammafunk_ghost_cemetery,
          cheibrodos_sewer_entry_sluice, uniq_ijyb
D:6:      layout_basic
D:7:      layout_basic, gammafunk_ghost_abyssal_escape, roderic_serpentine_path,
          uniq_duvessa
D:8:      layout_gridville, erik_lair_island, grunt_ministairs_8,
          minmay_pinched_square
D:9:      layout_loops_ring, enter_bailey_5, uniq_pikel
D:10:     layout_roguey, david_orc_3
D:11:     layout_basic, uniq_fannar
D:12:     layout_loops_cross, uniq_erolcha
D:13:     layout_grid_maze, hellmonk_vaults_order_and_chaos
D:14:     layout_stronghold, grunt_decor_fettered, dreamdust_princess_corridor,
          minmay_misc_feat_cross, uniq_nessos, uniq_azrael
D:15:     gammafunk_depths_entry_grave, layout_basic, minmay_misc_feat_plants,
          chequers_serial_rivers_marsh
Temple:   compressed_dpeg_triangle_lava_temple
Lair:1:   layout_cave_pods, grunt_megastairs_2, uniq_prince_ribbit2
Lair:2:   layout_gridlike, nicolae_swamp_entry_splash_gauntlet,
          alex1729_snake_entry_snake, gauntlet_entry_generic,
          minmay_lair_oklob_items, serial_bayou_pond_c, kilobyte_rumbling_trees,
          lemuel_fruit_tree
Lair:3:   layout_roguey
Lair:4:   dreamdust_cave_troll, layout_loops_ring,
          portal_ice_cave_entry_ice_simulacra, basic_altar, pond
Lair:5:   guppyfry_lair_end_dragon, layout_cave_pods, hangedman_lair_in_review,
          minmay_slime_entry_oklob_open, uniq_josephine
Swamp:1:  tekkud_swamp_unearthing_site, layout_basic_swamp,
          evilmike_swamp_ruin_rubble_1, serial_swamp_ruin,
          evilmike_swamp_ruin_house_2, evilmike_swamp_ruin_house_4,
          evilmike_swamp_ruin_rubble_2
Swamp:2:  layout_basic_swamp, hangedman_swamp_diagram,
          infiniplex_staircase_pool_2, uniq_louise
Swamp:3:  layout_falls_marsh, nicolae_swamp_trees_clearing
Swamp:4:  swamp, layout_basic_swamp, nicolae_swamp_decorative_isthmus
Snake:1:  nicolae_snake_nest, layout_cave_shapes, serial_shops, shop,
          uniq_roxanne
Snake:2:  layout_cave_pods, serial_bayou_crossing, uniq_aizul, uniq_agnes
Snake:3:  layout_cave_town, serial_shops, shop, nicolae_triple_integral,
          uniq_vashnia, uniq_mara
Snake:4:  hellmonk_snake_rune_quicksilver_temple, layout_onion, serial_shops,
          nicolae_shop_getting_attention, st_stairs_8, uniq_kirke
Orc:1:    layout_diamond_mine, nicolae_shop_vocational, uniq_sonja
Orc:2:    st_orc_ogre_mass, layout_caves, ebering_ghost_reflecting_pool,
          sword_in_stone, uniq_rupert, uniq_saint_roka
Elf:1:    elf_arrival_002, layout_gridlike, hangedman_corner_corridor
Elf:2:    nicolae_elf_blades_crystal_corner, layout_gridlike,
          grunt_megastairs_5, uniq_nikola
Elf:3:    minmay_elf_hall_not_hex, layout_rooms, serial_shops, shop_fountains,
          roderic_lattice_octagonal_star, uniq_asterion
Vaults:1: nicolae_vaults_stepped_doors, nicolae_vaults_ellipses_ellipsis,
          ontoclasm_vaults_claustrophobia, v_misc_3,
          nicolae_vaults_network_star, vaults_mumra_chevron_long,
          nicolae_vaults_double_plus_2, st_squares, vaults_room_door_ring,
          vaults_dpeg_hooks, serial_library_hellmonk_open_square,
          nicolae_vaults_doubleplus_tesselated, nicolae_vaults_little_squares_2,
          ontoclasm_vaults_twist, vaults_room_door_ring,
          nicolae_vaults_little_squares_5, layout_vaults_ring, uniq_donald
Vaults:2: nicolae_vaults_network_s, hangedman_vaults_maws,
          nicolae_vaults_what_the_h, hangedman_vaults_trim,
          hangedman_vaults_trim, nicolae_vaults_trapezoid_2,
          nicolae_vaults_house_1, nicolae_vaults_storage_closets_3,
          vaults_mumra_chevron, layout_vaults_big_room
Vaults:3: nicolae_vaults_double_plus_1, minmay_crypt_entry_simple_sparse,
          nicolae_vaults_enemy_cabinets, grunt_vaults_funnel,
          vaults_mumra_minichess_inversion, v_misc_25, nicolae_vaults_house_3,
          hangedman_vaults_restitches, v_pattern_2,
          ontoclasm_vaults_ring_square, layout_vaults_omnigrid
Vaults:4: hangedman_vaults_river_flow, nicolae_vaults_tangram_2,
          vaults_dpeg_spiral, nicolae_vaults_circle_grid_b,
          nicolae_vaults_layer_cake_slice, v_misc_3,
          nicolae_vaults_twisting_passages, vaults_room_octagon,
          nicolae_vaults_tetromino_L_2, nicolae_vaults_house_1,
          nicolae_vaults_tetromino_L_1, nicolae_vaults_tetromino_L_2,
          vaults_standard_mumra_lines, nicolae_vaults_cochlea, vaults_dpeg_ring,
          layout_vaults_maze_snakey, serial_shops, nicolae_shop_trees,
          uniq_zenata
Vaults:5
Crypt:1:  layout_basic, special_room [special_room_morgue],
          gammafunk_ghost_necromancy, feat_on_display, uniq_bai_suzhen,
          uniq_margery
Crypt:2:  layout_catacombs, evilmike_ambush [evilmike_ambush_outer_corners,
          evilmike_ambush_inner_basic]
Crypt:3:  grunt_crypt_end_deaths_head, uniq_vv
Depths:1: layout_honeycomb, enter_ziggurat_e, pf_coc_iceberg,
          cheibriados_altar_1, abyss_entry, kennysheep_doodads,
          minmay_shattered_shrine, grunt_megastairs_3, minmay_shop_grove,
          serial_bayou_shore_b, serial_bayou_shore_b
Depths:2: hangedman_screamer, layout_cave_pools, rand_demon_pan_entry_8,
          nicolae_qazlal_general_emergency, grunt_metal_band, serial_shops,
          bzr_entry_road
Depths:3: minmay_box_of_statues, layout_small_grid,
          nicolae_abyss_entry_one_way_or_another, minmay_misc_feat_encased,
          hangedman_tar_grid_catacomb
Depths:4: evilmike_zot_entry_gauntlet, layout_gridlike, pf_hell_entry_great_geh,
          chequers_serial_rivers_micro_c, nicolae_trove_entry_columns
Zot:1:    layout_gridlike, regret_index_zotdec_obsidian_hm,
          ebering_ghost_reflecting_pool
Zot:2:    layout_twisted_circle, regret_index_zotdec_twisting_globes
Zot:3:    layout_misc_corridors, gammafunk_ghost_arena
Zot:4:    layout_cathedral_of_symmetry, skrybe_zot_glass_2
Zot:5:    layout_basic

Skill      XL: |  1  2  3  4  5  6  7  8  9 10 11 12 13 14 15 16 17 18 19 20 21 22 23 24 25 26 27 |
---------------+----------------------------------------------------------------------------------+-----
Fighting       | 3 4 5 6 8 9 10 11 12 14 15 16 18 19 20 21 22 23 24 25 26 | 26.7
Stealth        | 4 |  4.0
Dodging        | 2 3 5 6 8 10 12 14 | 14.5
Maces & Flails | 1 3 4 6 7 9 12 | 12.4
Armour         | 3 4 5 6 7 9 10 12 13 16 18 19 21 | 21.0
Invocations    | 3 4 5 6 8 9 11 12 13 15 16 17 | 17.0
Evocations     | 1 4 5 7 10 12 13 14 | 14.0
Axes           | 9 12 14 16 | 16.3
Shields        | 4 8 11 13 14 15 16 17 18 19 20 22 | 22.9
Shapeshifting  | 4 9 12 14 16 17 20 | 20.3
Unarmed Combat | 5 8 10 12 13 14 | 14.2
Throwing       | 5 6 |  6.0
Short Blades   | |  2.1

Action                     |  1- 3 |  4- 6 |  7- 9 | 10-12 | 13-15 | 16-18 | 19-21 | 22-24 | 25-27 || total
---------------------------+-------+-------+-------+-------+-------+-------+-------+-------+-------++-------
  Melee: Dagger            |   140 |       |       |       |       |       |       |       |       ||   140
         Morningstar       |     8 |   195 |   230 |    61 |       |       |       |       |       ||   494
         Punch             |       |     4 |     1 |     4 |    12 |       |       |       |       ||    21
         Broad axe         |       |       |       |   243 |   776 |   906 |   892 |   938 |   885 ||  4640
         Spear             |       |       |       |       |     4 |       |       |       |       ||     4
         Unarmed           |       |       |       |       |       |     1 |       |       |       ||     1
  Throw: Dart              |       |    13 |    17 |    10 |     5 |       |       |     2 |       ||    47
         Throwing net      |       |     2 |       |     1 |       |       |       |       |       ||     3
 Invoke: Recall Ancestor   |       |       |     1 |     6 |    17 |    16 |     8 |    24 |    19 ||    91
         Ancestor Life: Ba |       |       |     1 |       |       |       |       |       |       ||     1
         Idealise          |       |       |       |       |     6 |     9 |     6 |     9 |    11 ||    41
Ability: Hop               |       |       |       |       |     4 |     3 |     2 |     2 |     3 ||    14
         Begin Untransform |       |       |       |       |       |       |       |       |     1 ||     1
  Evoke: Wand              |       |       |     4 |    34 |     7 |     7 |     5 |     3 |     9 ||    69
         Lightning rod     |       |       |       |       |     6 |     3 |     5 |     7 |       ||    21
         Phantom mirror    |       |       |       |       |     2 |     1 |       |     1 |     1 ||     5
         Tin of tremorston |       |       |       |       |       |     5 |     2 |     3 |     3 ||    13
         Phial of floods   |       |       |       |       |       |     1 |     2 |       |       ||     3
         Box of beasts     |       |       |       |       |       |       |       |       |     1 ||     1
    Use: Scroll            |       |     1 |     8 |    16 |     8 |     5 |     8 |    22 |    18 ||    86
         Potion            |       |       |       |     5 |     1 |     5 |     9 |    13 |    16 ||    49
   Stab: Sleeping          |     3 |       |       |       |       |       |       |       |     4 ||     7
         Invisible         |       |     1 |       |       |     1 |       |       |       |       ||     2
         Paralysed         |       |       |     2 |     3 |       |       |       |       |       ||     5
         Distracted        |       |       |     2 |     3 |    23 |    15 |    27 |    33 |    23 ||   126
         Held in net/web   |       |       |       |     1 |       |       |       |       |       ||     1
         Petrified         |       |       |       |       |     4 |       |       |       |       ||     4
         Confused          |       |       |       |       |     1 |       |       |       |       ||     1
 Armour: Robe              |    36 |       |       |       |       |       |       |       |       ||    36
         Leather armour    |    41 |       |       |       |       |       |       |       |       ||    41
         Scale mail        |    26 |   220 |    33 |       |       |       |       |       |       ||   279
         Chain mail        |       |       |   157 |       |   153 |   680 |   352 |    72 |   191 ||  1605
         Plate armour      |       |       |    33 |   336 |   437 |       |    31 |   504 |       ||  1341
         Gold dragon scale |       |       |       |       |       |       |       |    85 |       ||    85
         Skin              |       |       |       |       |       |       |       |       |   600 ||   600
         Storm dragon scal |       |       |       |       |       |       |       |       |   100 ||   100
         Crystal plate arm |       |       |       |       |       |       |       |       |     2 ||     2
  Dodge: Dodged            |    93 |   136 |    97 |   163 |   408 |   440 |   254 |   307 |   455 ||  2353
  Block: Kite shield       |       |       |       |       |   115 |   530 |       |       |   774 ||  1419
         Tower shield      |       |       |       |       |       |   114 |   938 |  1268 |   441 ||  2761
         Reflection        |       |       |       |       |       |       |   137 |    46 |    52 ||   235
   Form: Statue            |       |       |       |       |       |       |       |       |     3 ||     3
                           |       |       |       |       |       |       |       |       |     3 ||     3
         Death             |       |       |       |       |       |       |       |       |     1 ||     1

Table legend: (Time is in decaauts)
 A = Elapsed time spent in this place.
 B = Non-inter-level travel time spent in this place.
 C = Inter-level travel time spent in this place.
 D = Time resting spent in this place.
 E = Time spent auto-exploring this place.
 F = Levels seen in this place.
 G = Mean time per level.
                   A        B        C        D        E       F      G
               +--------+--------+--------+--------+--------+-----+--------+
         Total |  91862 |  77805 |  14057 |  22045 |  33175 |  57 | 1611.6 |
       Dungeon |  20032 |  14978 |   5054 |   1371 |   9512 |  15 | 1335.5 |
        Temple |     46 |     25 |     21 |      0 |      0 |   1 |   46.0 |
          Lair |   7304 |   6285 |   1019 |   1009 |   3161 |   5 | 1460.8 |
         Swamp |   3968 |   3674 |    294 |    602 |   2029 |   4 |  992.0 |
     Snake Pit |   6882 |   6262 |    620 |   1591 |   2861 |   4 | 1720.5 |
  Orcish Mines |   3646 |   2650 |    996 |   1048 |    691 |   2 | 1823.0 |
   Elven Halls |   6535 |   5980 |    555 |   2953 |   1390 |   3 | 2178.3 |
        Vaults |  14395 |  12305 |   2090 |   4940 |   4071 |   5 | 2879.0 |
         Crypt |   4957 |   4763 |    194 |    769 |   2345 |   3 | 1652.3 |
        Depths |   9072 |   7422 |   1650 |   2239 |   3163 |   4 | 2268.0 |
           Zot |  12769 |  11208 |   1561 |   4896 |   3514 |   5 | 2553.8 |
        Bazaar |    145 |    145 |      0 |      0 |    118 |   1 |  145.0 |
         Trove |     79 |     79 |      0 |      0 |      7 |   1 |   79.0 |
         Sewer |    226 |    226 |      0 |      6 |     33 |   1 |  226.0 |
        Bailey |    378 |    378 |      0 |    103 |     49 |   1 |  378.0 |
      Ice Cave |    946 |    946 |      0 |    437 |     22 |   1 |  946.0 |
      Gauntlet |    474 |    474 |      0 |     75 |    204 |   1 |  474.0 |
               +--------+--------+--------+--------+--------+-----+--------+

Top non-repeatable levels by time:
   Zot:5: 3870 daAuts
Vaults:3: 3613 daAuts
   Elf:3: 3422 daAuts
Vaults:5: 3191 daAuts
   Zot:2: 3025 daAuts
Vaults:4: 2792 daAuts
Depths:1: 2575 daAuts
Depths:4: 2551 daAuts
 Snake:4: 2548 daAuts
Vaults:1: 2510 daAuts
Vaults:2: 2287 daAuts
   Zot:4: 2071 daAuts
Depths:2: 1994 daAuts
   Zot:3: 1975 daAuts
     D:5: 1952 daAuts
